 Dungeon Crawl Stone Soup version 0.25-a0-597-gb30770a0c0 (webtiles) character file.

Game seed: 8175577828016483166, levelgen mode: deterministic

1228 Devinter the Sneak (level 8, -4/46 HPs)
             Began as an Octopode Conjurer on Mar 15, 2020.
             Was an Initiate of Gozag.
             Slain by Duvessa
             ... wielding a +0 rapier
              (18 damage)
             ... on level 5 of the Dungeon.
             The game lasted 00:39:06 (5365 turns).

Devinter the Sneak (Octopode Conjurer)              Turns: 5365, Time: 00:39:07

Health: -4/46      AC:  1    Str:  7    XL:     8   Next: 48%
Magic:  8/15       EV: 14    Int: 18    God:    Gozag
Gold:   263        SH:  0    Dex: 16    Spells: 11/17 levels left

rFire    + . .     SeeInvis .   r - +2 dagger (vamp)
rCold    + . .     Gourm    .   (no shield)
rNeg     . . .     Faith    .   (helmet restricted)
rPois    +         Spirit   .   (no amulet)
rElec    +         Reflect  .   l - ring of resist corrosion
rCorr    +         Harm     .   u - +2 ring of dexterity
MR       .....                  (no ring)
Stlth    +++++.....             (no ring)
HPRegen  0.15/turn              (no ring)
MPRegen  0.14/turn              (no ring)
                                (no ring)
                                (no ring)

@: resistant, gold aura, hasted, very quick
A: almost no armour, stealthy swim, amphibious, 8 rings, constrict 8, camouflage
1, gelatinous body 1
a: Potion Petition, Call Merchant, Bribe Branch, Renounce Religion


You were on level 5 of the Dungeon.
You worshipped Gozag.
Gozag was aware of your devotion.
You were not hungry.

You visited 1 branch of the dungeon, and saw 5 of its levels.

You collected 519 gold pieces.
You spent 235 gold pieces at shops.
You paid 21 gold pieces to Gozag.

Inventory:

Hand Weapons
 r - a +2 vampiric dagger (weapon)
 G - a +4 quarterstaff of chaos
Missiles
 a - 202 stones
 i - 23 bolts
 j - 10 atropa-tipped darts (quivered)
 k - 55 arrows
 x - 2 boomerangs
 y - 22 sling bullets
 A - 13 poisoned darts
 D - 4 boomerangs of dispersal
Magical Staves
 t - an uncursed staff of poison
Jewellery
 l - a ring of resist corrosion (left tentacle)
 u - a +2 ring of dexterity (right tentacle)
Wands
 o - a wand of flame (10)
 E - a wand of digging (6)
Scrolls
 c - a scroll of amnesia {unknown}
 g - 6 scrolls of identify
 q - 3 scrolls of fear {unknown}
 v - a scroll of remove curse {unknown}
 z - a scroll of fog {unknown}
 B - a scroll of random uselessness {unknown}
 C - a scroll of teleportation {unknown}
Potions
 d - 5 potions of lignification {unknown}
 e - 2 potions of heal wounds {unknown}
 f - a potion of mutation {unknown}
 h - a potion of degeneration {unknown}
 m - 3 potions of curing {unknown}
 n - a potion of berserk rage {unknown}
 p - a potion of flight {unknown}
 s - 2 potions of cancellation {unknown}
 w - a potion of ambrosia {unknown}
 F - a potion of brilliance {unknown}
Comestibles
 b - 4 rations


   Skills:
 - Level 2.0 Dodging
 - Level 7.0 Stealth
 - Level 5.0 Spellcasting
 + Level 6.3 Conjurations
 - Level 5.0 Hexes


You had 11 spell levels left.
You knew the following spells:

 Your Spells              Type           Power        Failure   Level  Hunger
a - Magic Dart            Conj           ####         1%          1    None
b - Searing Ray           Conj           ####..       1%          2    #......
c - Dazzling Flash        Conj/Hex       ####..       3%          3    ##.....

Your spell library contained the following spells:

 Spells                   Type           Power        Failure   Level  Hunger
 Fulminant Prism          Conj/Hex       ####......   13%         4    ####...
 Iskenderun's Mystic Bla  Conj/Tloc      ###.....     34%         4    ####...


Dungeon Overview and Level Annotations

Branches:
Dungeon (5/15)
 Temple: D:4-7

Altars:
Gozag
Nemelex Xobeh
Xom

Shops:
D:4 *

Annotations:
D:5 Duvessa


Innate Abilities, Weirdness & Mutations

You cannot wear most types of armour.
You are very stealthy in the water. (Stealth+)
You are amphibious.
You can wear up to eight rings at the same time.
You can use your tentacles to constrict eight enemies at once.
Your skin changes colour to match your surroundings (Stealth+).
Your rubbery body absorbs attacks. (AC +1, EV +1)


Message History

The searing ray hits Duvessa.
Duvessa is severely wounded.
Duvessa is no longer distracted by gold.
Duvessa shouts!
Duvessa barely misses you.
The searing ray hits Duvessa!
Duvessa is almost dead.
You finish channeling your searing ray.
Duvessa hits you with a +0 rapier!
* * * LOW HITPOINT WARNING * * *
Casting: Searing Ray (safe; 1% risk of failure)
Confirm with . or Enter, or press ? or * to list all spells.
Aiming: Searing Ray (safe; 1% risk of failure)
Press: ? - help, Shift-Dir - straight line, f - Duvessa
Aim: Duvessa, wielding a +0 rapier, wearing a +0 ring mail and carrying a wand of digging (2) (almost dead, berserk, fast, unusually strong)
The searing ray hits Duvessa.
Duvessa is almost dead. (Press . to maintain the ray.) Duvessa hits you with a +0 rapier!!
You die...
Your body crumbles into a pile of gold.

############+###############.##
.............................>#
......######.#.#############..#
......# #.##.## #..#
......######.# #@## #..#
###..........####e# #..#
.....######.<....#$#########..###
.....# #......................
.....# #......################
###..# #......# #..# #......#
#..######......############
#..#...........#..........#


You could see Duvessa (berserk).

Vanquished Creatures
  Grinder (D:3)
  Sigmund (D:2)
  An ice beast (D:5)
  A phantom (D:5)
  A scorpion (D:5)
  Dowan (D:5)
  A howler monkey (D:5)
  2 crimson imps
  An orc priest (D:4)
  Crazy Yiuf (D:5)
  Jessica (D:2)
  An iguana (D:5)
  2 worker ants (D:4)
  A killer bee zombie (D:5)
  A hound skeleton (D:5)
  13 adders
  4 gnolls (D:5)
  4 worms
  6 dart slugs
  6 leopard geckos
  14 orcs
  A ball python (D:2)
  6 bats
  3 giant cockroaches
  10 goblins
  5 hobgoblins
  7 jackals
  9 kobolds
  A quokka (D:4)
  5 frilled lizards
  8 rats
119 creatures vanquished.

Notes
Turn   | Place    | Note
-------+----------+-------------------------------------------
     0 | D:1      | Devinter the Octopode Conjurer began the quest for the Orb.
     0 | D:1      | Reached XP level 1. HP: 11/11 MP: 3/3
   154 | D:1      | Reached skill level 3 in Stealth
   218 | D:1      | Reached XP level 2. HP: 17/17 MP: 1/5
   276 | D:1      | Learned a level 2 spell: Searing Ray
   681 | D:1      | Reached XP level 3. HP: 21/21 MP: 6/6
  1172 | D:2      | Noticed Sigmund
  1200 | D:2      | Learned a level 3 spell: Dazzling Flash
  1273 | D:2      | Reached XP level 4. HP: 27/27 MP: 1/8
  1613 | D:2      | Reached skill level 3 in Spellcasting
  1633 | D:2      | Reached skill level 1 in Hexes
  1898 | D:2      | Noticed Jessica
  1911 | D:2      | Reached XP level 5. HP: 15/31 MP: 3/9
  1911 | D:2      | Killed Jessica
  1911 | D:2      | Reached skill level 4 in Stealth
  1911 | D:2      | Reached skill level 5 in Conjurations
  2225 | D:2      | Killed Sigmund
  2225 | D:2      | Reached skill level 5 in Stealth
  2225 | D:2      | Reached skill level 2 in Hexes
  2225 | D:2      | Reached XP level 6. HP: 29/36 MP: 3/11
  2667 | D:3      | Reached skill level 3 in Hexes
  3076 | D:3      | Noticed Grinder
  3076 | D:3      | Paralysed by Grinder for 4 turns
  3087 | D:3      | Paralysed by Grinder for 4 turns
  3097 | D:3      | Killed Grinder
  3097 | D:3      | Reached skill level 6 in Stealth
  3097 | D:3      | Reached skill level 4 in Spellcasting
  3097 | D:3      | Reached XP level 7. HP: 36/41 MP: 3/13
  3243 | D:3      | Found an opulent altar of Gozag.
  3253 | D:3      | Became a worshipper of Gozag Ym Sagoz the Greedy
  4205 | D:4      | Found a sparkling altar of Nemelex Xobeh.
  4222 | D:4      | Found Suqelism's Assorted Antiques.
  4234 | D:4      | Bought a glowing cyan potion for 20 gold pieces
  4234 | D:4      | Bought a scroll of identify for 46 gold pieces
  4234 | D:4      | Bought a scroll of identify for 46 gold pieces
  4234 | D:4      | Bought a metallic brown potion for 20 gold pieces
  4234 | D:4      | Bought a glowing cyan potion for 20 gold pieces
  4234 | D:4      | Bought a scroll labeled PYANLA GOET for 23 gold pieces
  4234 | D:4      | Bought a black potion for 20 gold pieces
  4234 | D:4      | Bought a glowing cyan potion for 20 gold pieces
  4234 | D:4      | Bought a glowing cyan potion for 20 gold pieces
  4266 | D:4      | Reached skill level 4 in Hexes
  4469 | D:5      | Entered Level 5 of the Dungeon
  4475 | D:5      | Noticed Duvessa
  4717 | D:5      | Found a shimmering altar of Xom.
  4766 | D:5      | Reached skill level 7 in Stealth
  4766 | D:5      | Reached XP level 8. HP: 46/46 MP: 13/15
  4937 | D:5      | Reached skill level 5 in Spellcasting
  4987 | D:5      | Noticed Dowan
  5060 | D:5      | Found a runed translucent door.
  5061 | D:5      | Noticed Crazy Yiuf
  5071 | D:5      | Killed Crazy Yiuf
  5118 | D:5      | Reached skill level 6 in Conjurations
  5118 | D:5      | Reached skill level 5 in Hexes
  5359 | D:5      | Killed Dowan
  5365 | D:5      | Slain by Duvessa

Levels and vault maps discovered:
D:1:      evilmike_arrival_rings, layout_basic
D:2:      layout_basic, first_ration, st_stairs_4, minmay_tromino_v7,
          uniq_jessica, uniq_sigmund
D:3:      layout_basic, marbit_many_paths, uniq_grinder
D:4:      layout_gridville, nemelex_xobeh_ov_fountains_minmay, serial_forest,
          infiniplex_forest_lined_corner, infiniplex_forest_side_room,
          infiniplex_forest_clump_tiny, infiniplex_forest_straight_4,
          serial_shops, nicolae_shop_waterfront, serial_bayou_pond_e
D:5:      layout_basic, nicolae_overflow_crystal_walls,
          cheibrodos_sewer_entry_bend, uniq_crazy_yiuf_cottage, uniq_duvessa

Skill      XL: |  1  2  3  4  5  6  7  8 |
---------------+-------------------------+-----
Stealth        | 3 5 6 7 |  7.0
Spellcasting   | 3 4 5 |  5.0
Hexes          | 1 2 3 4 5 |  5.0
Conjurations   | 5 6 |  6.3
Dodging        | |  2.0

Action                   |  1- 3 |  4- 6 |  7- 9 || total
-------------------------+-------+-------+-------++-------
Melee: Dagger            |    40 |    69 |    90 ||   199
       Constrict         |     9 |    17 |    21 ||    47
       Tentacles         |     5 |    15 |    16 ||    36
Throw: Dart              |       |     3 |       ||     3
 Cast: Magic Dart        |    31 |    52 |    45 ||   128
       Searing Ray       |       |     4 |     5 ||     9
       Dazzling Flash    |       |     1 |    10 ||    11
Invok: Potion Petition   |       |       |     1 ||     1
Evoke: Wand              |       |     1 |     1 ||     2
  Use: Scroll            |       |       |     2 ||     2
 Stab: Sleeping          |     9 |     2 |    11 ||    22
       Invisible         |       |     3 |     2 ||     5
  Eat: Chunk             |     1 |     6 |     1 ||     8
       Ration            |       |       |     2 ||     2
Armor: Skin              |     3 |     1 |     3 ||     7
Dodge: Dodged            |    18 |    39 |    65 ||   122

Table legend:
 A = Non-vault XP
 B = Vault XP
 C = Vault XP percentage of total XP
 D = Non-vault monster count
 E = Vault monster count
 F = Vault count percentage of total count
                 A         B        C        D         E       F
            +---------+---------+-------+---------+---------+-------
      Total |    1066 |     689 |  39.3 |     108 |      11 |   9.2
            +---------+---------+-------+---------+---------+-------
        D:1 |      40 |       0 |   0.0 |      20 |       0 |   0.0
        D:2 |     106 |     303 |  74.1 |      24 |       7 |  22.6
        D:3 |     167 |     283 |  62.9 |      33 |       2 |   5.7
        D:4 |     183 |       0 |   0.0 |      18 |       0 |   0.0
        D:5 |     570 |     103 |  15.3 |      13 |       2 |  13.3
            +---------+---------+-------+---------+---------+-------
